 Dungeon Crawl Stone Soup version 0.31-a0-8-gd14b0f4ee2 (webtiles) character file.

Game seed: 1155102767893652588

141 Kuronicle the Covered (level 5, -2/41 HPs)
             Began as a Human Monk on May 6, 2023.
             Slain by an orc priest
             ... wielding a +0 hand axe
              (6 damage)
             ... on level 3 of the Dungeon.
             The game lasted 00:05:29 (2156 turns).

Kuronicle the Covered (Human Monk)                  Turns: 2156, Time: 00:05:30

Health: -2/41      AC:  9    Str: 14    XL:     5   Next: 48%
Magic:  5/5        EV: 13    Int: 10    God:
Gold:   49         SH:  0    Dex: 20    Spells: 4/4 levels left

rFire   . .          .
                       - Unarmed
rCold   . . .        (no shield)
rNeg    . . .        o - +0 leather armour of the Kraken {rPois Dex+5}
rPois   +            (no helmet)
rElec   .            n - +0 cloak
rCorr   .            l - +0 pair of gloves
SInv    .            (no boots)
Will    .....        (no amulet)
Stlth   ++           e - ring of wizardry
HPRegen 0.26/turn    i - +4 ring of protection
MPRegen 0.09/turn

%: wizardry (x1)
@: no status effects
A: no striking features
a: no special abilities


You were on level 3 of the Dungeon.
You visited 1 branch of the dungeon, and saw 3 of its levels.

You collected 98 gold pieces.
You spent 49 gold pieces at shops.

Inventory:

Hand Weapons
 r - a +0 hand axe
 s - a +1 hand axe of freezing
Armour
 a - a +0 robe
 c - an orb of light
 l - a +0 pair of gloves (worn)
 m - a +0 plate armour
 n - a +0 cloak (worn)
 o - the +0 leather armour of the Kraken (worn) {rPois Dex+5}
   (You found it on level 2 of the Dungeon)

   Dex:       It affects your dexterity (+5).
   rPois:     It protects you from poison.
Jewellery
 e - a ring of wizardry (left hand)
 i - a +4 ring of protection (right hand)
 u - the ring of Contentment {rPois rF+++ rC+ Str+3 Int-3}
   (You found it on level 3 of the Dungeon)

   [ring of poison resistance]

   Str:       It affects your strength (+3).
   Int:       It affects your intelligence (-3).
   rF:        It renders you almost immune to fire.
   rC:        It protects you from cold.
   rPois:     It protects you from poison.
Scrolls
 k - 3 scrolls of teleportation {unknown}
 t - a scroll of identify {unknown}
Potions
 b - 3 potions of ambrosia
 d - a potion of lignification {unknown}
 f - a potion of magic {unknown}
 g - 2 potions of invisibility {unknown}
 h - a potion of brilliance {unknown}
 j - a potion of cancellation {unknown}
 p - a potion of might {unknown}
 q - a potion of haste {unknown}


   Skills:
 - Level 3.0 Fighting
 * Level 3.7 Armour
 - Level 3.0 Dodging
 * Level 2.8 Stealth
 - Level 3.0 Unarmed Combat


You had 4 spell levels left.
You didn't know any spells.
Your spell library was empty.

Dungeon Overview and Level Annotations

Branches:
Dungeon (3/15)

Altars:

Shops:
D:1 [


Message History

The iguana hisses angrily.
You hit the iguana.
The iguana is moderately wounded.
The iguana bites you.
You hit the iguana.
The iguana is heavily wounded.
The iguana bites you!
You hit the iguana.
The iguana is severely wounded.
The iguana bites you.
You hit the iguana.
The iguana is almost dead.
The iguana bites you but does no damage.
You barely miss the iguana.
The iguana is almost dead.
The iguana closely misses you.
You hit the iguana.
You kill the iguana!
You see here an iguana corpse.
You now have 49 gold pieces (gained 5).
t - a scroll labelled OKEULI NIOZ
u - the ring of Contentment {rPois rF+++ rC+ Str+3 Int-3} 2 orc priests come into view.
Found a robe.
An orc priest comes into view. It is wielding a +0 club.
The orc priest shouts!
You hear a shout! x2; The orc priest shouts!
The orc priest attacks as you move away!
The orc priest barely misses you.
The orc priest invokes the aid of Beogh against you.
Pain shoots through your body!
An orc comes into view. It is wielding a +0 whip.
The orc priest miscasts a cantrip.
The orc priest invokes the aid of Beogh against you.
Beogh smites you!
An orc wizard comes into view. It is wielding a +0 dagger.
The orc priest invokes the aid of Beogh against you.
Beogh smites you!
* * * LOW HITPOINT WARNING * * *
The orc priest hits you with a +0 hand axe.
You die...

#.##...##
######.#.....##
..............#
######.#.....######
#...#...###...#
#.....#......#.#
##...#######...#
##.## ##.## #.# #@#
#.# ####o####
#.......# #.......#
#.......#
#[...o...#
#......oo#
.........o.
##.........##


You could see 3 orc priests, an orc wizard and an orc.

Vanquished Creatures
  An orc wizard (D:3)
  Terence (D:3)
  An iguana (D:3)
  2 adders (D:2)
  A worm (D:2)
  4 dart slugs
  3 orcs (D:3)
  3 ball pythons
  3 endoplasms
  2 giant cockroaches (D:2)
  A goblin (D:2)
  2 hobgoblins
  3 kobolds
  3 bats
  5 frilled lizards
  2 rats (D:2)
37 creatures vanquished.

Notes
Turn   | Place    | Note
-------+----------+-------------------------------------------
     0 | D:1      | Kuronicle the Human Monk began the quest for the Orb.
     0 | D:1      | Reached XP level 1. HP: 18/18 MP: 1/1
   199 | D:1      | Reached skill level 1 in Stealth
   199 | D:1      | Reached XP level 2. HP: 24/24 MP: 2/2
   209 | D:1      | Reached skill level 1 in Armour
   654 | D:1      | Found Anemups's Armour Emporium.
   660 | D:1      | Bought a +0 pair of gloves for 49 gold pieces
   736 | D:2      | Reached XP level 3. HP: 29/29 MP: 3/3
  1042 | D:2      | Reached XP level 4. HP: 29/35 MP: 4/4
  1080 | D:2      | Identified the +0 leather armour of the Kraken {rPois
                  | Dex+5}
  1785 | D:3      | Noticed Terence
  1805 | D:3      | Killed Terence
  1806 | D:3      | Reached XP level 5. HP: 26/41 MP: 5/5
  2142 | D:3      | Identified the ring of Contentment {rPois rF+++ rC+ Str+3
                  | Int-3}
  2156 | D:3      | Slain by an orc priest

Illustrated notes

Levels and vault maps discovered:
D:1:      dpeg_arrival_chambers_temple_mockup, layout_loops_ring, serial_shops,
          nicolae_square_shop
D:2:      layout_loops_cross, palyth_stone_intersect
D:3:      layout_loops_corners, kennysheep_decorative_pillar, uniq_jessica,
          uniq_terence

Skill      XL: |  1  2  3  4 |
---------------+-------------+-----
Stealth        | 1 2 |  2.8
Armour         | 1 2 3 |  3.7
Fighting       | |  3.0
Dodging        | |  3.0
Unarmed Combat | |  3.0

Action                     |  1- 3 |  4- 6 || total
---------------------------+-------+-------++-------
  Melee: Unarmed           |   120 |    82 ||   202
         Punch             |     2 |     2 ||     4
   Stab: Sleeping          |     1 |     2 ||     3
 Armour: Chain mail        |    70 |       ||    70
         Plate armour      |    26 |     5 ||    31
         Leather armour    |       |    15 ||    15
  Dodge: Dodged            |    39 |    33 ||    72

Table legend: (Time is in decaauts)
 A = Elapsed time spent in this place.
 B = Non-inter-level travel time spent in this place.
 C = Inter-level travel time spent in this place.
 D = Time resting spent in this place.
 E = Time spent auto-exploring this place.
 F = Levels seen in this place.
 G = Mean time per level.
                   A        B        C        D        E       F      G
               +--------+--------+--------+--------+--------+-----+--------+
         Total |   2143 |   2130 |     13 |      0 |   1551 |   3 |  714.3 |
       Dungeon |   2143 |   2130 |     13 |      0 |   1551 |   3 |  714.3 |
               +--------+--------+--------+--------+--------+-----+--------+

Top non-repeatable levels by time:
     D:2: 884 daAuts
     D:1: 713 daAuts
     D:3: 545 daAuts
